 Dungeon Crawl Stone Soup version 0.31-a0-889-g1a8549509d (webtiles) character file.

Game seed: 13451649090472035806

65 Arex the Shield-Bearer (level 4, -1/24 HPs)
             Began as a Vine Stalker Fighter on Oct 16, 2023.
             Succumbed to Crazy Yiuf's poison
             ... on level 2 of the Dungeon.
             The game lasted 00:01:17 (2194 turns).

Arex the Shield-Bearer (Vine Stalker Fighter)       Turns: 2194, Time: 00:01:18

Health: -1/24      AC:  6    Str: 21    XL:     4   Next: 13%
Magic:  1/5        EV:  9    Int:  8    God:
Gold:   98         SH:  4    Dex: 13    Spells: 3/3 levels left

rFire   . .          .
                       - Unarmed
rCold   . . .        b - +0 buckler
rNeg    . . .        a - +0 scale mail
rPois   .            (no helmet)
rElec   .            (no cloak)
rCorr   .            (no gloves)
SInv    .            (no boots)
Will    .....        (no amulet) Stlth
                     (no ring)
HPRegen 1.04/turn    (no ring)
MPRegen 0.09/turn

%: guardian spirit
@: mighty, lethally poisoned (-1 -> -10)
A: fangs 2, regeneration 1, magic shield, antimagic bite, no potion heal 2
a: no special abilities


You were on level 2 of the Dungeon.
You visited 1 branch of the dungeon, and saw 2 of its levels.

You collected 98 gold pieces.

Inventory:

Missiles
 l - 2 atropa-tipped darts
Armour
 a - a +0 scale mail (worn)
 b - a +0 buckler (worn)
Scrolls
 d - a scroll of amnesia {unknown}
 e - a scroll of teleportation {unknown}
 f - 2 scrolls of identify {unknown}
 h - a scroll of enchant armour {unknown}
Potions
 g - a potion of mutation {unknown}
 i - a potion of cancellation {unknown}
 j - a potion of invisibility {unknown}
 k - 3 potions of curing {unknown}


   Skills:
 + Level 3.2 Fighting
 + Level 2.9 Armour
 + Level 3.2 Shields
 + Level 2.6 Unarmed Combat


You had 3 spell levels left.
You didn't know any spells.
Your spell library was empty.

Dungeon Overview and Level Annotations

Branches:
Dungeon (2/15)

Altars:

Annotations:
D:2 Crazy Yiuf


Innate Abilities, Weirdness & Mutations

You have extremely sharp teeth.
Your natural rate of healing is unusually fast.
When hurt, damage is shared between your health and your magic reserves.
Your bite disrupts and absorbs the magic of your enemies.
Potions cannot restore your health.


Message History

A bat is nearby!
The bat hits you but does no damage.
You hit the bat. Your bite misses the bat.
The bat is moderately wounded.
You block the bat's attack. x2
You hit the bat.
You kill the bat!
No target in view!
No target in view!
No target in view!
No target in view!
No target in view!
No target in view!
No target in view!
No target in view!
No target in view!
Found 2 stones.
Found a short sword.
k - 3 yellow potions (gained 1)
There is an open door here.
There is an open door here.
There is an open door here.
There is a stone staircase leading up here.
Could not explore, unopened runed door.
Could not explore, unopened runed door.
You open the door. You hit Crazy Yiuf.
Crazy Yiuf is lightly wounded.
Crazy Yiuf barely misses you.
You barely miss Crazy Yiuf. You bite Crazy Yiuf, but do no damage.
Crazy Yiuf is lightly wounded.
Crazy Yiuf hits you with a +2 quarterstaff of chaos!
You are lethally poisoned!
You feel very sick. Crazy Yiuf attacks as he pursues you!
Crazy Yiuf hits you with a +2 quarterstaff of chaos!
* * * LOW HITPOINT WARNING * * *
You resist with some effort.
You feel very mighty all of a sudden.
You die...

...#.#.##########
### ...#.#.#
####.#.###### #####
#.#......# #..)#
####.######## #...#
.....#......# ...
.....#.###### #'#
.....#.#....# ##g#
.....#.#.#### #@##
...#<.......# ##.#
######.#.#### #.##
...# #.#....# ##.##
...# #.#.#### #...##
.#.# #.###### #....#
.#.###......# #....#
.#....#########....#
.#.##<........#....#


You could see Crazy Yiuf.

Vanquished Creatures
  An adder (D:2)
  A dart slug (D:1)
  2 ball pythons
  3 bats (D:2)
  6 endoplasms
  2 giant cockroaches (D:2)
  8 goblins
  7 hobgoblins
  3 jackals (D:2)
  2 quokkas
  2 frilled lizards (D:2)
  4 kobolds (D:1)
  6 rats
47 creatures vanquished.

Notes
Turn   | Place    | Note
-------+----------+-------------------------------------------
     0 | D:1      | Arex the Vine Stalker Fighter began the quest for the Orb.
     0 | D:1      | Reached XP level 1. HP: 11/11 MP: 2/2
   207 | D:1      | Reached XP level 2. HP: 16/16 MP: 3/3
   698 | D:1      | Reached XP level 3. HP: 20/20 MP: 4/4
  1244 | D:2      | Found a runed translucent door.
  1245 | D:2      | Noticed Crazy Yiuf
  2022 | D:2      | Reached XP level 4. HP: 24/24 MP: 5/5
  2194 | D:2      | Succumbed to Crazy Yiuf's poison

Illustrated notes

Levels and vault maps discovered:
D:1:      dpeg_arrival_boxes_within_box, layout_basic, serial_corexii_hall,
          corexii_hall_statues_x, corexii_hall_statues_deadend,
          corexii_hall_statues_u, chequers_hall_statues_wall_a,
          corexii_hall_statues_i, corexii_hall_statues_u
D:2:      layout_basic, serial_co_window_serial, co_window_of_opportunity_a,
          co_window_corner_a, co_window_of_opportunity_a,
          co_window_of_opportunity_a, co_window_corner_a, co_window_broadway_a,
          co_window_of_opportunity_c, co_window_cross_4, co_window_4corner_b,
          co_window_4corner_a, glass_columns_b, glass_columns_b,
          glass_columns_a, minmay_quantized, uniq_crazy_yiuf_cottage

Skill      XL: |  1  2 |
---------------+-------+-----
Fighting       | 3 |  3.2
Shields        | 3 |  3.2
Armour         | |  2.9
Unarmed Combat | |  2.6

Action                     |  1- 3 |  4- 6 || total
---------------------------+-------+-------++-------
  Melee: Unarmed           |   105 |    19 ||   124
         Bite              |    12 |     5 ||    17
    Use: Potion            |       |     1 ||     1
 Armour: Scale mail        |    44 |     8 ||    52
  Dodge: Dodged            |    34 |    10 ||    44
  Block: Buckler           |    14 |     3 ||    17

Table legend: (Time is in decaauts)
 A = Elapsed time spent in this place.
 B = Non-inter-level travel time spent in this place.
 C = Inter-level travel time spent in this place.
 D = Time resting spent in this place.
 E = Time spent auto-exploring this place.
 F = Levels seen in this place.
 G = Mean time per level.
                   A        B        C        D        E       F      G
               +--------+--------+--------+--------+--------+-----+--------+
         Total |   2191 |   2149 |     42 |      0 |   1884 |   2 | 1095.5 |
       Dungeon |   2191 |   2149 |     42 |      0 |   1884 |   2 | 1095.5 |
               +--------+--------+--------+--------+--------+-----+--------+

Top non-repeatable levels by time:
     D:2: 1273 daAuts
     D:1: 918 daAuts
